 Dungeon Sprint DCSS version 0.21.1-1-g345015f (webtiles) character file.

16100000 joklet the Intangible (level 27, -37/174 HPs)
             Began as a Spriggan Gladiator on Mar 14, 2018.
             Was the Champion of Makhleb.
             Killed by the air
             ... invoked by The Meatlord
              (92 damage)
             ... in the Dungeon (Sprint VIII: "Arena of Blood") on Mar 15, 2018.
             The game lasted 00:07:00 (161 turns).

joklet the Intangible (Spriggan Gladiator)           Turns: 161, Time: 00:07:01

Health: -37/174    AC:  4    Str: 10    XL:     27
Magic:  48/55      EV: 44    Int: 13    God:    Makhleb [******]
Gold:   0          SH:  0    Dex: 27    Spells: 80/80 levels left

rFire    . . .     SeeInvis +   l - +∞ Axe of Woe
rCold    . . .     Gourm    .   (shield currently unavailable)
rNeg     . . .     Faith    .   b - +0 robe
rPois    .         Spirit   .   c - +0 hat
rElec    .         Reflect  .   (no cloak)
rCorr    .         Harm     .   (gloves unavailable)
MR       ++++.     NoTele   +   (boots unavailable)
Stlth    +++++++++.             (no amulet)
HPRegen  0.39/turn              (no ring)
MPRegen  0.34/turn              (no ring)

@: lethally poisoned (-37 -> -175), very slightly contaminated, very quick
A: very small, unfitting armour, see invisible, herbivore, speed 3, slow
metabolism 2
a: Minor Destruction, Lesser Servant of Makhleb, Major Destruction, Greater
Servant of Makhleb, Renounce Religion


You were in the Dungeon.
You worshipped Makhleb.
Makhleb was exalted by your worship.
You were not hungry.

You visited 1 branch

Inventory:

Hand Weapons
 a - a +0 war axe
 l - the +∞ Axe of Woe (weapon)
   (You found it in the Dungeon)
Missiles
 d - 3 throwing nets (quivered)
Armour
 b - a +0 robe (worn)
 c - a +0 hat (worn)
Potions
 i - 2 potions of magic
 j - a potion of berserk rage
Comestibles
 f - a ration


   Skills:
 O Level 27 Fighting
 O Level 27 Short Blades
 O Level 27 Long Blades
 O Level 27 Axes
 O Level 27 Maces & Flails
 O Level 27 Polearms
 O Level 27 Staves
 O Level 27 Slings
 O Level 27 Bows
 O Level 27 Crossbows
 O Level 27 Throwing
 O Level 27 Armour
 O Level 27 Dodging
 O Level 27 Stealth
 O Level 27 Shields
 O Level 27 Unarmed Combat
 O Level 27 Spellcasting
 O Level 27 Conjurations
 O Level 27 Hexes
 O Level 27 Charms
 O Level 27 Summonings
 O Level 27 Necromancy
 O Level 27 Translocations
 O Level 27 Transmutations
 O Level 27 Fire Magic
 O Level 27 Ice Magic
 O Level 27 Air Magic
 O Level 27 Earth Magic
 O Level 27 Poison Magic
 O Level 27 Invocations
 O Level 27 Evocations


You had 80 spell levels left.
You didn't know any spells.

Dungeon Overview and Level Annotations

Branches:
Dungeon (1/1)

Altars:
Makhleb

Annotations:
D The Defiler, The Meatlord


Innate Abilities, Weirdness & Mutations

You are very small and have problems with some larger weapons.
You are too small for most types of armour.
You have supernaturally acute eyesight. (SInv)
You are a herbivore.
You cover ground extremely quickly.
You need consume almost no food.


Message History

You kill the fleshlord!
Makhleb accepts your kill.
You feel extremely sick.
You hear a shout! x4
The ball lightning explodes!
The blast of lightning engulfs the ball lightning.
The ball lightning completely resists.
The blast of lightning engulfs the ball lightning.
The ball lightning completely resists.
The blast of lightning engulfs the ball lightning.
The ball lightning completely resists.
The blast of lightning engulfs The Meatlord.
The Meatlord completely resists.
The blast of lightning engulfs you!
The blast of lightning engulfs the ball lightning.
The ball lightning completely resists.
You hear a shout! x5
The Meatlord waves its arms in wide circles.
The air twists around and strikes you!
Ouch! That really hurt!
You die...

####...... ...## ####........
....%.. ..
####....W....####.....##.##.
#...........#..........o....
#......†.....#..........#.#..
#......§..)).#.......p.......
#....§§§###).)#...%..........
#..§.)###.)))))#.))))........
#..§§#......))@)o.L.)).......
#........#..)))....W@L.......
#.........#.**.*%..#)2.....#
#............#*&...#.)x....#
#.........#...*.W###...§...###.
#....#........*..O....###......
#....##.......#O......._......
#.... #...oO#.......#.....#..
#=.. .###.........%#_.<._#


You could see The Meatlord, a meat beast, 2 tyrants, a fleshlord, The Defiler, 2
wretched souls, a dread, 3 meat berserkers, 2 bags of meat and 6 ball
lightnings.

Vanquished Creatures
  6 hell knights (D)
  6 hell beasts (D)
  A greater mummy (D)
  80 orcs (D)
  3 phantoms (D)
  2 skeletal warriors (D)
  6 great orbs of eyes (D)
  4 sea snakes (D)
  6 wraiths (D)
  9 large abominations (D)
  3 small abominations (D)
  A ball lightning (D)
  4 crawling corpses (D)
  11 vampire knights (D)
  21 ogres (D)
  2 two-headed ogres (D)
  4 liches (D)
  4 hydras (D)
173 creatures vanquished.

Vanquished Creatures (others)
  An orc (D)
  6 ball lightnings (D)
  A hydra (D)
8 creatures vanquished.

Grand Total: 181 creatures vanquished

Notes
Turn   | Place    | Note
-------+----------+-------------------------------------------
     0 | D        | Found the +∞ Axe of Woe
     0 | D        | joklet the Spriggan Gladiator began the quest for the Orb.
     0 | D        | Reached XP level 1. HP: 10/10 MP: 2/2
     3 | D        | Noticed a bag of meat
     4 | D        | Became a worshipper of Makhleb the Destroyer
     6 | D        | Noticed a bag of meat
     7 | D        | Noticed a bag of meat
     8 | D        | Noticed a bag of meat
     9 | D        | Noticed a bag of meat
     9 | D        | Noticed a bag of meat
    10 | D        | Noticed a meat berserker
    10 | D        | Noticed a meat berserker
    10 | D        | Noticed a bag of meat
    10 | D        | Killed a bag of meat
    10 | D        | Reached skill level 15 in Axes
    10 | D        | Reached XP level 2. HP: 23/23 MP: 3/3
    10 | D        | Reached XP level 3. HP: 27/27 MP: 4/4
    10 | D        | Reached XP level 4. HP: 32/32 MP: 5/5
    10 | D        | Reached XP level 5. HP: 36/36 MP: 6/6
    10 | D        | Reached XP level 6. HP: 40/40 MP: 7/7
    10 | D        | Reached XP level 7. HP: 44/44 MP: 8/8
    10 | D        | Reached XP level 8. HP: 49/49 MP: 9/9
    10 | D        | Reached XP level 9. HP: 53/53 MP: 10/10
    10 | D        | Reached XP level 10. HP: 58/58 MP: 11/11
    10 | D        | Reached XP level 11. HP: 62/62 MP: 12/12
    11 | D        | Noticed a bag of meat
    11 | D        | Killed a bag of meat
    11 | D        | Reached * piety under Makhleb
    11 | D        | Reached XP level 12. HP: 67/67 MP: 13/13
    12 | D        | Noticed a bag of meat
    12 | D        | Noticed a bag of meat
    12 | D        | Noticed a bag of meat
    13 | D        | Noticed a meat berserker
    13 | D        | Noticed a meat berserker
    14 | D        | Killed a bag of meat
    14 | D        | Reached skill level 10 in Fighting
    14 | D        | Reached skill level 27 in Dodging
    14 | D        | Reached XP level 13. HP: 72/72 MP: 14/14
    15 | D        | Noticed a bag of meat
    15 | D        | Noticed a bag of meat
    15 | D        | Noticed a bag of meat
    16 | D        | Noticed a large bag of meat
    16 | D        | Noticed a meat berserker
    16 | D        | Killed a meat berserker
    16 | D        | Reached XP level 14. HP: 80/80 MP: 15/15
    16 | D        | Killed a bag of meat
    16 | D        | Reached ** piety under Makhleb
    16 | D        | Reached XP level 15. HP: 85/85 MP: 16/16
    16 | D        | Killed a meat berserker
    16 | D        | Reached skill level 15 in Fighting
    16 | D        | Reached skill level 27 in Axes
    19 | D        | Reached XP level 16. HP: 98/98 MP: 17/17
    20 | D        | Killed a meat berserker
    20 | D        | Reached *** piety under Makhleb
    20 | D        | Reached XP level 17. HP: 112/112 MP: 18/18
    22 | D        | Reached **** piety under Makhleb
    23 | D        | Reached skill level 27 in Throwing
    23 | D        | Reached skill level 27 in Fighting
    23 | D        | Reached XP level 18. HP: 127/127 MP: 19/19
    24 | D        | Killed a large bag of meat
    24 | D        | Killed a meat berserker
    24 | D        | Reached ***** piety under Makhleb
    24 | D        | Reached skill level 10 in Armour
    24 | D        | Reached skill level 15 in Spellcasting
    24 | D        | Reached XP level 19. HP: 132/132 MP: 19/40
    25 | D        | Noticed a meat berserker
    26 | D        | Reached skill level 15 in Invocations
    27 | D        | Noticed a destroyer
    29 | D        | Reached skill level 15 in Unarmed Combat
    30 | D        | Killed a meat berserker
    30 | D        | Reached skill level 27 in Stealth
    30 | D        | Reached XP level 20. HP: 137/137 MP: 19/47
    31 | D        | Reached ****** piety under Makhleb
    33 | D        | Reached skill level 27 in Spellcasting
    33 | D        | Reached XP level 21. HP: 142/142 MP: 20/53
    38 | D        | Noticed a destroyer
    39 | D        | Noticed a destroyer
    40 | D        | Killed a destroyer
    40 | D        | Reached skill level 27 in Invocations
    41 | D        | Killed a destroyer
    41 | D        | Reached skill level 27 in Unarmed Combat
    41 | D        | Reached XP level 22. HP: 148/148 MP: 21/54
    43 | D        | Reached skill level 27 in Armour
    43 | D        | Killed a destroyer
    44 | D        | Reached XP level 23. HP: 153/153 MP: 21/55
    46 | D        | Noticed a destroyer
    47 | D        | Noticed a destroyer
    49 | D        | Noticed a destroyer
    50 | D        | Noticed a large bag of meat
    50 | D        | Reached XP level 24. HP: 158/158 MP: 22/55
    50 | D        | Killed a destroyer
    53 | D        | Reached XP level 25. HP: 163/163 MP: 23/55
    54 | D        | Noticed a destroyer
    55 | D        | Killed a destroyer
    56 | D        | Noticed a tyrant
    56 | D        | Killed a destroyer
    56 | D        | Reached XP level 26. HP: 169/169 MP: 23/55
    59 | D        | Killed a destroyer
    59 | D        | Reached XP level 27. HP: 174/174 MP: 24/55
    63 | D        | Killed a tyrant
    64 | D        | Killed a large bag of meat
    70 | D        | Noticed a meat beast
    70 | D        | Noticed a destroyer
    72 | D        | Killed a destroyer
    73 | D        | Noticed a dread
    73 | D        | Noticed a dread
    74 | D        | Killed a meat beast
    76 | D        | Noticed a dread
    76 | D        | Noticed a meat beast
    76 | D        | Killed a dread
    78 | D        | Noticed a destroyer
    80 | D        | Killed a meat beast
    82 | D        | Noticed a dread
    83 | D        | Noticed a meat beast
    83 | D        | Killed a destroyer
    85 | D        | Noticed a meat beast
    86 | D        | Noticed a destroyer
    88 | D        | Noticed a meat beast
    89 | D        | Killed a meat beast
    89 | D        | Killed a dread
    90 | D        | Killed a dread
    91 | D        | Killed a meat beast
    93 | D        | Killed a meat beast
    96 | D        | Killed a destroyer
    99 | D        | Noticed a tyrant
   101 | D        | Killed a dread
   106 | D        | Noticed a tyrant
   109 | D        | Noticed an accursed
   110 | D        | Killed a tyrant
   111 | D        | Killed a tyrant
   114 | D        | Noticed a tyrant
   115 | D        | Killed an accursed
   118 | D        | Reached skill level 27 in Short Blades
   118 | D        | Reached skill level 27 in Long Blades
   118 | D        | Reached skill level 27 in Maces & Flails
   118 | D        | Reached skill level 27 in Polearms
   118 | D        | Reached skill level 27 in Staves
   118 | D        | Reached skill level 27 in Slings
   118 | D        | Reached skill level 27 in Bows
   118 | D        | Reached skill level 27 in Crossbows
   118 | D        | Reached skill level 27 in Shields
   118 | D        | Reached skill level 27 in Conjurations
   118 | D        | Reached skill level 27 in Hexes
   118 | D        | Reached skill level 27 in Charms
   118 | D        | Reached skill level 27 in Summonings
   118 | D        | Reached skill level 27 in Necromancy
   118 | D        | Reached skill level 27 in Translocations
   118 | D        | Reached skill level 27 in Transmutations
   118 | D        | Reached skill level 27 in Fire Magic
   118 | D        | Reached skill level 27 in Ice Magic
   118 | D        | Reached skill level 27 in Air Magic
   118 | D        | Reached skill level 27 in Earth Magic
   118 | D        | Reached skill level 27 in Poison Magic
   118 | D        | Reached skill level 27 in Evocations
   119 | D        | Noticed a dread
   120 | D        | Killed a tyrant
   121 | D        | Killed a dread
   123 | D        | Noticed a fleshlord
   127 | D        | Killed a fleshlord
   139 | D        | Noticed a fleshlord
   141 | D        | Noticed a fleshlord
   143 | D        | Noticed a destroyer
   143 | D        | Noticed a meat beast
   143 | D        | Noticed a fleshlord
   146 | D        | Killed a fleshlord
   150 | D        | Noticed a fleshlord
   150 | D        | Noticed The Meatlord
   150 | D        | Killed a destroyer
   151 | D        | Noticed a dread
   151 | D        | Noticed a fleshlord
   151 | D        | Killed a meat beast
   152 | D        | Killed a fleshlord
   154 | D        | Killed a fleshlord
   156 | D        | Noticed a dread
   157 | D        | Noticed a tyrant
   157 | D        | Noticed The Defiler
   158 | D        | Killed a fleshlord
   159 | D        | Killed a dread
   160 | D        | Noticed a meat beast
   161 | D        | Noticed a fleshlord
   161 | D        | Killed a fleshlord
   161 | D        | Killed from afar by The Meatlord

Skill      XL: |  1  2  3  4  5  6  7  8  9 10 11 12 13 14 15 16 17 18 19 20 21 22 23 24 25 26 27 |
---------------+----------------------------------------------------------------------------------+-----
Fighting       | 9 10 12 17 21 27 | 27.0
Axes           | 15 18 20 24 25 27 | 27.0
Throwing       | 9 11 12 13 14 19 23 27 | 27.0
Dodging        | 23 26 27 | 27.0
Armour         | 11 16 19 26 27 | 27.0
Stealth        | 20 27 | 27.0
Unarmed Combat | 12 17 20 27 | 27.0
Spellcasting   | 16 22 27 | 27.0
Invocations    | 14 19 23 27 | 27.0
Short Blades   | 27 | 27.0
Long Blades    | 27 | 27.0
Maces & Flails | 27 | 27.0
Polearms       | 27 | 27.0
Staves         | 27 | 27.0
Slings         | 27 | 27.0
Bows           | 27 | 27.0
Crossbows      | 27 | 27.0
Shields        | 27 | 27.0
Conjurations   | 27 | 27.0
Hexes          | 27 | 27.0
Charms         | 27 | 27.0
Summonings     | 27 | 27.0
Necromancy     | 27 | 27.0
Translocations | 27 | 27.0
Transmutations | 27 | 27.0
Fire Magic     | 27 | 27.0
Ice Magic      | 27 | 27.0
Air Magic      | 27 | 27.0
Earth Magic    | 27 | 27.0
Poison Magic   | 27 | 27.0
Evocations     | 27 | 27.0

Action                   |  1- 3 |  4- 6 |  7- 9 | 10-12 | 13-15 | 16-18 | 19-21 | 22-24 | 25-27 || total
-------------------------+-------+-------+-------+-------+-------+-------+-------+-------+-------++-------
Melee: Broad axe         |     1 |       |       |     2 |     2 |     4 |    11 |    10 |    64 ||    94
Invok: Greater Servant o |       |       |       |       |       |       |       |     2 |     3 ||     5
  Use: Potion            |     1 |       |       |       |       |       |       |       |     2 ||     3
       Scroll            |       |       |       |       |       |       |       |       |     1 ||     1
Dodge: Dodged            |       |       |       |       |       |       |       |       |    14 ||    14
